 Dungeon Crawl Stone Soup version 0.23.2-1-ga50397a6bc (webtiles) character file.

Game seed: 6991112483122212843

241 Gordogan the Chopper (level 6, 0/53 HPs)
             Began as a Hill Orc Fighter on May 6, 2019.
             Succumbed to a worker ant's poison
             ... on level 4 of the Dungeon.
             The game lasted 00:25:39 (2794 turns).

Gordogan the Chopper (Hill Orc Fighter)             Turns: 2794, Time: 00:25:40

Health: 0/53       AC: 11    Str: 21    XL:     6   Next: 8%
Magic:  15/15      EV:  8    Int:  8    God:
Gold:   132        SH:  9    Dex: 10    Spells: 5/5 levels left

rFire    x . .     SeeInvis .   a - +0 war axe
rCold    + . .     Gourm    .   c - +0 shield
rNeg     . . .     Faith    .   k - +1 scale mail
rPois    .         Spirit   .   h - +0 helmet
rElec    .         Reflect  .   (no cloak)
rCorr    .         Harm     .   (no gloves)
MR       .....                  (no boots)
Stlth    ..........             (no amulet)
HPRegen  0.17/turn              j - ring of magical power
MPRegen  0.14/turn              o - ring of ice

@: lethally poisoned (0 -> -13)
A: hooves 1, molten scales 1, mutation resistance 1, subdued magic 1
a: no special abilities


You were on level 4 of the Dungeon.
You were not hungry.

You visited 1 branch of the dungeon, and saw 4 of its levels.

You collected 132 gold pieces.

Inventory:

Hand Weapons
 a - a +0 war axe (weapon)
 b - a +0 hunting sling
 l - a +2 whip of draining
 t - a +0 dagger of flaming
Missiles
 g - 187 stones (quivered)
Armour
 c - a +0 shield (worn)
 h - a +0 helmet (worn)
 k - a +1 scale mail (worn)
Jewellery
 j - a ring of magical power (left hand)
 m - an uncursed ring of protection from fire
 o - a ring of ice (right hand)
Potions
 d - a potion of might
 e - a potion of ambrosia
 p - a potion of haste
 q - a potion of invisibility
 r - a potion of heal wounds
Comestibles
 f - 6 rations
 i - 6 chunks of flesh


   Skills:
 + Level 4.5 Fighting
 + Level 5.3 Axes
 + Level 0.3 Slings
 + Level 0.1(0.2) Throwing
 + Level 4.0 Armour
 + Level 0.7 Dodging
 + Level 4.6 Shields


You had 5 spell levels left.
You didn't know any spells.
Your spell library was empty.

Dungeon Overview and Level Annotations

Branches:
Dungeon (4/15)             Temple (0/1) D:4

Altars:
Elyvilon


Innate Abilities, Weirdness & Mutations

You have large cloven feet.
You are partially covered in molten scales. (AC +2)
You are somewhat resistant to further mutation.
Your spells are a little easier to cast, but a little less powerful.


Message History

You barely miss the adder.
You feel sick. You block the adder's attack. The worker ant bites you.
* * * LOW HITPOINT WARNING * * *
You are more poisoned.
The worker ant poisons you! The adder bites you.
* * * LOW HITPOINT WARNING * * *
The worker ant closely misses you.
You hit the worker ant but do no damage.
The worker ant is moderately wounded.
You hit the adder.
* * * LOW HITPOINT WARNING * * *
You feel sick. The adder barely misses you. The worker ant bites you.
* * * LOW HITPOINT WARNING * * *
The adder barely misses you.
The worker ant bites you but does no damage.
You slash the worker ant!
You kick the worker ant, but do no damage.
The worker ant is almost dead.
You closely miss the adder.
You die...

... #^.. .......... .#
... #.. #......... .# ...
##.#####.....# ..#.
...##...........### .....
..................##...#
#...................O..#.
##......................
#.<...)[.......aS)...$..
#..........##..@(.......
#...#............##.....
##.##......#....... ..$.
#####.#...#............
..#................
#.##...###.###.".#.. #.
...# .. #..# .. .. ###


You could see an ogre, a worker ant and an adder.

Vanquished Creatures
  An ogre (D:4)
  A howler monkey (D:4)
  An adder (D:3)
  An adder skeleton (D:4)
  2 worms
  3 dart slugs
  3 leopard geckos
  4 orcs
  6 bats
  5 giant cockroaches
  14 goblins
  12 hobgoblins
  9 jackals
  11 kobolds
  3 quokkas (D:3)
  2 frilled lizards
  7 rats
85 creatures vanquished.

Notes
Turn   | Place    | Note
-------+----------+-------------------------------------------
     0 | D:1      | Gordogan the Hill Orc Fighter began the quest for the Orb.
     0 | D:1      | Reached XP level 1. HP: 19/19 MP: 1/1
   112 | D:1      | Reached XP level 2. HP: 9/27 MP: 2/2
   324 | D:1      | Reached skill level 3 in Axes
   371 | D:1      | Reached XP level 3. HP: 28/33 MP: 3/3
  1079 | D:1      | Paralysed by fainting for 7 turns
  1377 | D:1      | Gained mutation: Your spells are a little easier to cast,
                  | but a little less powerful. [potion of mutation]
  1377 | D:1      | Gained mutation: You have large cloven feet. [potion of
                  | mutation]
  1377 | D:1      | Gained mutation: You are somewhat resistant to further
                  | mutation. [potion of mutation]
  1377 | D:1      | Gained mutation: You are partially covered in molten
                  | scales. (AC +2) [potion of mutation]
  2027 | D:2      | Reached XP level 4. HP: 40/40 MP: 4/4
  2349 | D:3      | Found a white marble altar of Elyvilon.
  2505 | D:3      | Reached skill level 4 in Axes
  2583 | D:3      | Reached XP level 5. HP: 41/46 MP: 5/5
  2774 | D:4      | Found a staircase to the Ecumenical Temple.
  2776 | D:4      | Noticed an ogre
  2782 | D:4      | Killed an ogre
  2782 | D:4      | Reached skill level 5 in Axes
  2786 | D:4      | Reached XP level 6. HP: 22/53 MP: 6/6
  2793 | D:4      | HP: 2/53 [poisoned by a worker ant]
  2794 | D:4      | Succumbed to a worker ant's poison

Skill      XL: |  1  2  3  4  5 |
---------------+----------------+-----
Axes           | 3 4 5 |  5.3
Shields        | 4 |  4.6
Fighting       | 4 |  4.5
Armour         | 4 |  4.0
Slings         | |  0.3
Throwing       | |  0.1
Dodging        | |  0.7

Action                   |  1- 3 |  4- 6 || total
-------------------------+-------+-------++-------
Melee: War axe           |    93 |    99 ||   192
       Hunting sling     |   777 |       ||   777
       Kick              |    20 |    15 ||    35
 Fire: Hunting sling     |    12 |       ||    12
Throw: Stone             |       |    18 ||    18
  Use: Scroll            |     6 |     6 ||    12
       Potion            |     2 |       ||     2
  Eat: Ration            |     2 |       ||     2
       Chunk             |       |     3 ||     3
Armor: Scale mail        |   420 |    74 ||   494
Dodge: Dodged            |   266 |    33 ||   299
Block: Shield            |   504 |    76 ||   580
